 Dungeon Crawl Stone Soup version 0.31-a0-202-g547052bce9 (webtiles) character file.

Game seed: 11573970901625127933

41 qw the Shooter (level 3, -4/20 HPs)
             Began as a Deep Elf Hunter on June 26, 2023.
             Slain by Terence
             ... wielding a +0 falchion
              (5 damage)
             ... on level 2 of the Dungeon.
             The game lasted 00:00:21 (962 turns).

qw the Shooter (Deep Elf Hunter)                     Turns: 962, Time: 00:00:21

Health: -4/20      AC:  5    Str: 10    XL:     3   Next: 32%
Magic:  5/5        EV: 11    Int: 13    God:
Gold:   53         SH:  0    Dex: 18    Spells: 2/2 levels left

rFire   . . .        Y - +0 shortbow
rCold   . . .        (shield currently unavailable)
rNeg    . . .        i - +0 ring mail
rPois   .            (no helmet)
rElec   .            (no cloak)
rCorr   .            (no gloves)
SInv    .            (no boots)
Will    .....        (no amulet)
Stlth   +            (no ring)
HPRegen 0.23/turn    (no ring)
MPRegen 0.09/turn

%: no passive effects
@: no status effects
A: no striking features
a: no special abilities


You were on level 2 of the Dungeon.
You visited 1 branch of the dungeon, and saw 2 of its levels.

You collected 53 gold pieces.


   Skills:
 - Level 1.5 Fighting
 + Level 6.9 Ranged Weapons
 - Level 2.4 Dodging
 - Level 1.2 Stealth


You had 2 spell levels left.
You didn't know any spells.
Your spell library was empty.

Inventory:

Hand Weapons
 Y - a +0 shortbow (weapon)
Armour
 i - a +0 ring mail (worn)
Potions
 g - a potion of berserk rage {unknown}

Dungeon Overview and Level Annotations

Branches:
Dungeon (2/15)

Altars:

Annotations:
D:2 Terence


Message History

Done exploring.
929 ||| DROPPING scroll of fog.
You drop a scroll of fog.
Done exploring.
(D) Dungeon
Where to? (* - list waypoints, ? - help)
What level of the Dungeon? (default 1, ? - help)
There is a stone staircase leading down here.
You climb downwards.
Found a black potion.
There is a stone staircase leading up here.
Waypoint 1 assigned to D:2.
Terence the Incautious comes into view.
He is wielding a +0 falchion.
You shoot an arrow.
The arrow hits Terence but does no damage.
Terence shouts!
You shoot an arrow. The arrow hits Terence.
Terence is moderately wounded.
A hobgoblin comes into view.
You shoot an arrow. The arrow closely misses Terence.
The hobgoblin shouts!
You hear a shout!
Terence says, "Did you write a will?
You should..."
You shoot an arrow.
The arrow hits Terence but does no damage.
Terence is lightly wounded.
A hobgoblin comes into view.
You shoot an arrow. The arrow hits Terence.
Terence is moderately wounded.
You shoot an arrow. The arrow barely misses Terence.
Terence hits you with a +0 falchion.
You shoot an arrow. The arrow hits Terence.
Terence is heavily wounded.
Terence hits you with a +0 falchion.
You shoot an arrow. The arrow completely misses Terence.
Terence hits you with a +0 falchion.
You shoot an arrow. The arrow barely misses Terence.
Terence hits you with a +0 falchion!
The hobgoblin hits you but does no damage.
Terence hits you with a +0 falchion.
You die...

.. #.. ..# #.#
... ..# #..
#.# ..##.##.##
.........
........######
#<...@@#
######gg.....
###.... ... .


You could see Terence and 2 hobgoblins.

Vanquished Creatures
  A gnoll (D:1)
  2 dart slugs (D:1)
  3 endoplasms (D:1)
  A giant cockroach (D:1)
  4 goblins (D:1)
  3 hobgoblins (D:1)
  2 ball pythons (D:1)
  3 bats (D:1)
  2 frilled lizards (D:1)
  3 kobolds (D:1)
  4 rats (D:1)
28 creatures vanquished.

Notes
Turn   | Place    | Note
-------+----------+-------------------------------------------
     0 | D:1      | qw the Deep Elf Hunter began the quest for the Orb.
     0 | D:1      | Reached XP level 1. HP: 12/12 MP: 3/3
     0 | D:1      | 0 ||| qw: Version: 0.3-a-22-g0ed2b0b
     0 | D:1      | 0 ||| qw: Game counter: 6194
     0 | D:1      | 0 ||| qw: Melee chars always use a shield: true
     0 | D:1      | 0 ||| qw: God list: Okawaru
     0 | D:1      | 0 ||| qw: Allow faded altars: false
     0 | D:1      | 0 ||| qw: Do Orc after clearing Dungeon:15 true
     0 | D:1      | 0 ||| qw: Do second Lair branch before Depths: true
     0 | D:1      | 0 ||| qw: Lair rune preference: random
     0 | D:1      | 0 ||| qw: Goals: Normal
     0 | D:1      | 0 ||| PLANNING D:1-11
   150 | D:1      | HP: 2/12 [gnoll/+0 flail (8)]
   154 | D:1      | Reached skill level 6 in Ranged Weapons
   154 | D:1      | Reached XP level 2. HP: 3/16 MP: 4/4
   361 | D:1      | Reached XP level 3. HP: 20/20 MP: 5/5
   875 | D:1      | 875 ||| UPGRADING to +0 ring mail.
   885 | D:1      | 885 ||| DROPPING +0 leather armour.
   886 | D:1      | 886 ||| READING scroll labelled QOPREF WIYKUA.
   887 | D:1      | 887 ||| READING scroll labelled GIODGH UCHA.
   923 | D:1      | 923 ||| READING scroll labelled JERATA TAISK.
   926 | D:1      | 926 ||| READING scroll labelled YCKUYCLALOCS.
   927 | D:1      | 927 ||| READING 2 scrolls labelled IMEROM SUOR.
   928 | D:1      | 928 ||| DROPPING scroll of butterflies.
   929 | D:1      | 929 ||| DROPPING scroll of fog.
   953 | D:2      | Noticed Terence
   962 | D:2      | HP: 1/20 [Terence/+0 falchion (8)]
   962 | D:2      | Slain by Terence

Levels and vault maps discovered:
D:1:      mainiacjoe_arrival_reflecting_pool, layout_loops_ring,
          minmay_crystal_room, minivault_19
D:2:      layout_rooms, ebering_ecumenical_altar_box, minmay_misc_feat_rugged,
          uniq_terence

Skill      XL: |  1 |
---------------+----+-----
Ranged Weapons | 6 |  6.9
Fighting       | |  1.5
Dodging        | |  2.4
Stealth        | |  1.2

Action                     || total
---------------------------++-------
   Fire: Shortbow          ||    83
    Use: Scroll            ||     5
 Armour: Leather armour    ||     2
         Ring mail         ||     1
  Dodge: Dodged            ||    12

Table legend:
 A = Non-vault XP
 B = Vault XP
 C = Vault XP percentage of total XP
 D = Non-vault monster count
 E = Vault monster count
 F = Vault count percentage of total count
                 A         B        C        D         E       F
            +---------+---------+-------+---------+---------+-------
      Total |      59 |       0 |   0.0 |      28 |       0 |   0.0
            +---------+---------+-------+---------+---------+-------
        D:1 |      59 |       0 |   0.0 |      28 |       0 |   0.0
            +---------+---------+-------+---------+---------+-------
